 Dungeon Crawl Stone Soup version 0.21.1-1-g345015f (webtiles) character file.

499 wojtek the Cleaver (level 6, -10/51 HPs)
             Began as a Minotaur Fighter on June 24, 2018.
             Was an Initiate of Okawaru.
             Mangled by a two-headed ogre
             ... wielding a +0 giant spiked club
              (29 damage)
             ... on level 4 of the Dungeon.
             The game lasted 00:04:40 (3237 turns).

wojtek the Cleaver (Minotaur Fighter)               Turns: 3237, Time: 00:04:41

Health: -10/51     AC: 11    Str: 23    XL:     6   Next: 94%
Magic:  5/5        EV:  4    Int:  5    God:    Okawaru [......]
Gold:   229        SH:  9    Dex:  9    Spells: 5/5 levels left

rFire    . . .     SeeInvis .   a - +0 war axe
rCold    . . .     Gourm    .   c - +0 shield
rNeg     . . .     Faith    .   m - +0 plate armour
rPois    .         Spirit   .   (helmet restricted)
rElec    .         Reflect  .   (no cloak)
rCorr    .         Harm     .   (no gloves)
MR       .....                  (no boots)
Stlth    ..........             (no amulet)
HPRegen  0.17/turn              (no ring)
MPRegen  0.09/turn              (no ring)

@: no status effects
A: retaliatory headbutt, horns 2
a: Renounce Religion


You were on level 4 of the Dungeon.
You worshipped Okawaru.
Okawaru was noncommittal.
You were hungry.

You visited 2 branches of the dungeon, and saw 6 of its levels.

You collected 229 gold pieces.

Inventory:

Hand Weapons
 a - a +0 war axe (weapon)
Missiles
 r - 3 tomahawks (quivered)
 w - a throwing net
Armour
 c - a +0 shield (worn)
 m - a +0 plate armour (worn)
Wands
 j - a wand of disintegration (6)
Scrolls
 b - a scroll of magic mapping {unknown}
 g - 2 scrolls of enchant weapon {unknown}
 k - 6 scrolls of identify {unknown}
 n - a scroll of immolation {unknown}
 q - 2 scrolls of teleportation {unknown}
 s - a scroll of remove curse {unknown}
Potions
 d - a potion of might
 e - 2 potions of agility {unknown}
 h - a potion of resistance {unknown}
 i - 2 potions of heal wounds {unknown}
 l - a potion of ambrosia {unknown}
 p - a potion of cancellation {unknown}
 t - a potion of curing {unknown}
 u - a potion of haste {unknown}
Books
 o - a book of Minor Magic

   Spells                             Type                      Level
   a - Magic Dart                     Conjuration                  1
   b - Blink                          Translocation                2
   c - Call Imp                       Summoning                    2
   d - Slow                           Hexes                        2
   e - Conjure Flame                  Conjuration/Fire             3
   f - Mephitic Cloud                 Conjuration/Poison/Air       3
Comestibles
 f - 10 rations


   Skills:
 + Level 3.6 Fighting
 + Level 9.0 Axes
 + Level 3.6 Armour
 + Level 0.2 Dodging
 + Level 3.6 Shields
 * Level 0.0 Invocations


You had 5 spell levels left.
You didn't know any spells.

Dungeon Overview and Level Annotations

Branches:
Dungeon (5/15)             Temple (1/1) D:4

Altars:
Cheibriados
Elyvilon
Fedhas
Gozag
Hepliaklqana
Kikubaaqudgha
Makhleb
Nemelex Xobeh
Okawaru
Qazlal
Ru
Sif Muna
Trog
Vehumet
Xom
Yredelemnul
Zin


Innate Abilities, Weirdness & Mutations

You reflexively headbutt those who attack you in melee.
You have a pair of horns on your head.


Message History

You closely miss the gnoll. You hit the gnoll.
The scorpion moves out of view.
You block the gnoll's attack. The gnoll hits you but does no damage.
You block the orc's attack.
The gnoll hits you from afar with a halberd.
Unknown command.
Your plate armour prevents you from hitting the gnoll.
The gnoll is severely wounded.
You hit the gnoll.
The gnoll hits you but does no damage. x2
The orc hits you but does no damage.
The gnoll hits you from afar with a halberd!
Unknown command.
You are too injured to fight recklessly!
You are too injured to fight recklessly!
Unknown command.
The gnoll hits you but does no damage. The gnoll hits you with a club.
The orc hits you but does no damage.
You climb upwards.
The two-headed ogre hits you with a giant spiked club!!
Ouch! That really hurt!
You die...

## .# .# .# ### #. PP##
###. ####### ..P# ...#
##@O...#.. >.P#
.###..##g.g...... ..P#
......#.......... PP##
#####............. ###
..................
.############...........
........................
.###<.#.#######.........
.....##.(............#..


You could see a two-headed ogre and 2 gnolls.

Vanquished Creatures
  Eustachio (D:4)
  A phantom (D:4)
  A scorpion (D:4)
  A howler monkey (D:4)
  A worker ant (D:4)
  4 gnolls
  4 adders
  A worm (D:2)
  3 dart slugs (D:2)
  2 leopard geckos
  4 orcs
  7 bats
  5 giant cockroaches
  10 goblins
  9 hobgoblins
  3 jackals (D:1)
  4 ball pythons
  4 frilled lizards
  8 kobolds
  A leopard gecko skeleton (D:4)
  7 rats
81 creatures vanquished.

Notes
Turn   | Place    | Note
-------+----------+-------------------------------------------
     0 | D:1      | wojtek the Minotaur Fighter began the quest for the Orb.
     0 | D:1      | Reached XP level 1. HP: 19/19 MP: 0/0
    47 | D:1      | Reached skill level 3 in Axes
    68 | D:1      | Reached XP level 2. HP: 23/26 MP: 1/1
   207 | D:1      | Reached skill level 4 in Axes
   290 | D:1      | Reached XP level 3. HP: 27/31 MP: 2/2
   810 | D:2      | Found a basalt altar of Yredelemnul.
   860 | D:2      | Reached skill level 5 in Axes
   936 | D:2      | Reached XP level 4. HP: 39/39 MP: 3/3
   937 | D:2      | Found a hazy altar of Hepliaklqana.
  1072 | D:2      | Found a deep blue altar of Sif Muna.
  1854 | D:4      | Reached skill level 6 in Axes
  2029 | D:4      | Reached XP level 5. HP: 22/45 MP: 4/4
  2336 | D:4      | Reached skill level 7 in Axes
  2347 | D:4      | Found a staircase to the Ecumenical Temple.
  2432 | D:4      | Noticed Eustachio
  2487 | D:4      | Killed Eustachio
  2487 | D:4      | Reached skill level 8 in Axes
  2487 | D:4      | Reached XP level 6. HP: 14/51 MP: 5/5
  2733 | D:4      | Reached skill level 9 in Axes
  2773 | D:4      | Found a bloodstained altar of Trog.
  2877 | D:4      | Noticed a two-headed ogre
  2946 | Temple   | Entered the Ecumenical Temple
  3183 | Temple   | Became a worshipper of Warmaster Okawaru
  3226 | D:5      | Entered Level 5 of the Dungeon
  3237 | D:4      | Mangled by a two-headed ogre

Skill      XL: |  1  2  3  4  5  6 |
---------------+-------------------+-----
Axes           | 3 4 5 6 8 9 |  9.0
Fighting       | |  3.6
Armour         | |  3.6
Dodging        | |  0.2
Shields        | |  3.6

Action                   |  1- 3 |  4- 6 || total
-------------------------+-------+-------++-------
Melee: War axe           |   106 |   158 ||   264
       Headbutt          |    10 |    26 ||    36
Evoke: Wand              |       |     2 ||     2
  Eat: Chunk             |       |     7 ||     7
Armor: Scale mail        |    46 |     6 ||    52
       Plate armour      |       |   166 ||   166
Dodge: Dodged            |    35 |    45 ||    80
Block: Shield            |    49 |   108 ||   157
